 Dungeon Crawl Stone Soup version 0.19-a0-1899-g2d93087 (webtiles) character file.

155 FrankyJ the Digger (level 5, -8/35 HPs)
             Began as a Formicid Earth Elementalist on Oct 19, 2016.
             Mangled by an ogre
             ... wielding a +0 giant club
              (24 damage)
             ... on level 3 of the Dungeon.
             The game lasted 00:27:09 (4863 turns).

FrankyJ the Digger (Formicid Earth Elementalist)    Turns: 4863, Time: 00:27:10

Health: -8/35      AC:  3    Str: 12    XL:     5   Next: 63%
Magic:  9/11       EV: 12    Int: 16    God:
Gold:   209        SH:  0    Dex: 11    Spells: 3 memorised, 6 levels left

rFire  . . .     SeeInvis +     o - +0 dagger (venom)
rCold  . . .     Gourm    .     c - +1 robe
rNeg   . . .     Faith    .     (no shield)
rPois  .         Spirit   .     (helmet unavailable)
rElec  .         Reflect  .     (no cloak)
rCorr  .         Harm     .     (no gloves)
MR     .....                    (no boots)
Stlth  ++........               (no amulet)
                                (no ring)
                                (no ring)

@: no status effects
A: permanent stasis, dig shafts and tunnels, four strong arms, antennae 3
a: Dig, Shaft Self


You were on level 3 of the Dungeon.
You were not hungry.

You visited 1 branch of the dungeon, and saw 4 of its levels.

You collected 209 gold pieces.

Inventory:

Hand Weapons
 j - a +0 spear
 o - a +0 dagger of venom (weapon)
Missiles
 b - 97 stones (quivered)
 m - a throwing net
 q - 8 needles of confusion
Armour
 c - a +1 robe (worn)
Jewellery
 g - an uncursed ring of fire {unknown}
Scrolls
 l - a scroll of remove curse
 n - a scroll of recharging
 t - a scroll of teleportation {unknown}
 v - a scroll of identify
Potions
 f - a potion of resistance {unknown}
 h - a potion of might
 k - 2 potions of brilliance
 p - a potion of lignification {unknown}
 u - 2 potions of mutation {unknown}
 w - a potion of flight {unknown}
Books
 e - a book of Geomancy

   Spells                             Type                      Level
   a - Sandblast                      Earth                        1
   b - Passwall                       Transmutation/Earth          2
   c - Stone Arrow                    Conjuration/Earth            3
   d - Petrify                        Transmutation/Earth          4
   e - Lee's Rapid Deconstruction     Earth                        5
Comestibles
 a - a beef jerky
 d - 3 bread rations
 i - 2 fruits
 r - 5 chunks of flesh
 s - 2 meat rations


   Skills:
 + Level 0.0 Fighting
 - Level 2.0 Dodging
 - Level 3.1 Stealth
 - Level 4.0 Spellcasting
 - Level 2.0 Conjurations
 - Level 1.1 Transmutations
 - Level 4.2 Earth Magic


You had 6 spell levels left.
You knew the following spells:

 Your Spells              Type           Power        Failure   Level  Hunger
a - Sandblast             Erth           ###...       3%          1    None
b - Passwall              Tmut/Erth      ##........   10%         2    ##.....
c - Stone Arrow           Conj/Erth      ##....       14%         3    ###....


Dungeon Overview and Level Annotations

Branches:
Dungeon (4/15)
 Temple: D:4-7

Altars:
Fedhas
Hepliaklqana
Nemelex Xobeh


Innate Abilities, Weirdness & Mutations

You are under a permanent stasis effect.
You can dig through walls and to a lower floor.
Your four strong arms can wield two-handed weapons with a shield.
You have a pair of large antennae on your head. (SInv)


Message History

You aren't carrying any items that you can evoke without wielding.
Unknown command.
Casting: Sandblast
Confirm with . or Enter, or press ? or * to list all spells.
Aiming: Sandblast
Press: ? - help, Shift-Dir - straight line, f - ogre
Aim: an ogre, wielding a giant club The blast of sand hits the ogre.
The ogre is moderately wounded.
The ogre hits you but does no damage.
Casting: Sandblast
Confirm with . or Enter, or press ? or * to list all spells.
Aiming: Sandblast
Press: ? - help, Shift-Dir - straight line, f/p - ogre
Aim: an ogre, wielding a giant club (moderately wounded)
The blast of sand hits the ogre.
The ogre is moderately wounded.
The ogre hits you with a giant club!!
Ouch! That really hurt!
You die...

##)## #.###....).....#
###.###.# #.........##
######..###.........# #####
..........#.........# ##...#
#####.###.##.....[.## #....#
...###.##)#)........###....#
.#...##.#................###
..##..##.#.......)...###.#
#..)...###.....)@....##..#
#####..###.....)O...#...## #
##................###
#######..#........#...#
.................#..#.#
....####.....##..#.##.#
...##.<###.......#.##.#
...#...# #.##.........##
...#..## #.#####)......#


You could see an ogre.

Vanquished Creatures
  Ijyb (D:2)
  Robin (D:3)
  4 adders (D:3)
  A worm (D:3)
  2 dart slugs
  A leopard gecko (D:2)
  3 orcs (D:3)
  3 giant cockroaches
  20 goblins
  12 hobgoblins
  2 quokkas (D:3)
  8 bats
  A frilled lizard (D:1)
  4 kobolds
  6 rats
69 creatures vanquished.

Notes
Turn   | Place    | Note
-------+----------+-------------------------------------------
     0 | D:1      | FrankyJ the Formicid Earth Elementalist began the quest for the Orb.
     0 | D:1      | Reached XP level 1. HP: 13/13 MP: 3/3
   416 | D:1      | Reached XP level 2. HP: 16/19 MP: 1/5
   500 | D:1      | Learned a level 2 spell: Passwall
  1392 | D:2      | Reached XP level 3. HP: 22/24 MP: 3/6
  1497 | D:2      | Found a hazy altar of Hepliaklqana.
  1855 | D:2      | Learned a level 3 spell: Stone Arrow
  1920 | D:2      | Found a sparkling altar of Nemelex Xobeh.
  2445 | D:3      | Noticed Robin
  2530 | D:3      | Reached XP level 4. HP: 22/30 MP: 2/8
  2809 | D:4      | Noticed an ogre
  3388 | D:3      | Killed Robin
  3835 | D:3      | Found a blossoming altar of Fedhas.
  3836 | D:3      | Noticed Ijyb
  3838 | D:3      | Reached skill level 1 in Conjurations
  3867 | D:2      | Killed Ijyb
  3867 | D:2      | Reached XP level 5. HP: 23/35 MP: 2/10
  4863 | D:3      | Mangled by an ogre

Vault maps used:
D:1:      mrwooster_arrival_statue_3, kennysheep_minor_cross,
          minmay_stone_trees_small, hangedman_decor_lopped
D:2:      nicolae_overflow_crystal_walls, nemelex_xobeh_ov_fountains_minmay,
          serial_curves, eino_curves_02, eino_curves_01
D:3:      kennysheep_the_goblin_king, fedhas_altar_2, first_bread,
          grunt_ministairs_6, uniq_robin, uniq_iyjb
D:4:      bloody_trog, grunt_dithmenos_smoke

Skill      XL: |  1  2  3  4  5 |
---------------+----------------+-----
Dodging        | 2 |  2.0
Earth Magic    | 4 |  4.2
Stealth        | 3 |  3.1
Spellcasting   | 3 4 |  4.0
Conjurations   | 1 2 |  2.0
Transmutations | |  1.1

Action                   |  1- 3 |  4- 6 || total
-------------------------+-------+-------++-------
Melee: Spear             |    66 |    33 ||    99
       Unarmed           |     4 |       ||     4
       Dagger            |       |    38 ||    38
 Cast: Sandblast         |    51 |    57 ||   108
       Passwall          |       |     2 ||     2
 Abil: Dig               |     5 |     6 ||    11
  Use: Scroll            |    10 |       ||    10
       Potion            |       |     1 ||     1
 Stab: Sleeping          |     3 |       ||     3
       Distracted        |       |     1 ||     1
  Eat: Chunk             |     7 |     7 ||    14
       Fruit             |       |     2 ||     2
Armor: Robe              |    25 |    20 ||    45
Dodge: Dodged            |    66 |    87 ||   153
